 Dungeon Crawl Stone Soup version 0.30-a0-802-gb92711bcdf (webtiles) character file.

Game seed: 13540500297435266428

24 cforsyth the Sneak (level 3, -1/22 HPs)
             Began as a Kobold Brigand on Feb 24, 2023.
             Slain by Natasha (6 damage)
             ... on level 2 of the Dungeon.
             The game lasted 00:00:56 (1084 turns).

cforsyth the Sneak (Kobold Brigand)                 Turns: 1084, Time: 00:00:57

Health: -1/22      AC:  3    Str:  8    XL:     3   Next: 15%
Magic:  3/3        EV: 15    Int: 12    God:
Gold:   81         SH:  0    Dex: 18    Spells: 2/2 levels left

rFire   . . .      SeeInvis .    a - +2 dagger
rCold   . . .      Faith    .    (no shield)
rNeg    . . .      Spirit   .    b - +0 robe
rPois   .          Reflect  .    (no helmet)
rElec   .          Harm     .    c - +0 cloak
rCorr   .          Rampage  .    (no gloves)
Will    .....                    (no boots)
Stlth   ++++                     (no amulet)
HPRegen 0.23/turn                (no ring)
MPRegen 0.08/turn                (no ring)

@: slowed, very slow
A: small, no large weapons, nightstalker 3
a: no special abilities


You were on level 2 of the Dungeon.
You visited 1 branch of the dungeon, and saw 2 of its levels.

You collected 81 gold pieces.

Inventory:

Hand Weapons
 a - a +2 dagger (weapon)
Missiles
 d - 12 poisoned darts (quivered)
 e - 3 curare-tipped darts
 h - a throwing net
Armour
 b - a +0 robe (worn)
 c - a +0 cloak (worn)
Jewellery
 f - a ring of wizardry
Potions
 g - a potion of haste {unknown}


   Skills:
 + Level 2.6 Fighting
 + Level 3.2 Short Blades
 - Level 2.1 Throwing
 + Level 2.0 Dodging
 + Level 5.7 Stealth


You had 2 spell levels left.
You didn't know any spells.
Your spell library was empty.

Dungeon Overview and Level Annotations

Branches:
Dungeon (2/15)

Altars:

Shops:
D:1 [

Annotations:
D:2 Natasha, Terence


Innate Abilities, Weirdness & Mutations

You are small and have problems with some larger weapons.
You are completely attuned to the shadows.


Message History

The magic dart hits you!
You hit Terence but do no damage. Terence misses you.
Natasha casts a spell at you.
You feel yourself slow down.
You hit Terence.
Terence is lightly wounded.
Terence hits you with a +0 vampiric trident!
Terence draws strength from your wounds!
You are too injured to fight recklessly!
You are too injured to fight recklessly!
You are too injured to fight recklessly!
You are too injured to fight recklessly!
You are too injured to fight recklessly!
You are too injured to fight recklessly!
Terence hits you from afar with a +0 vampiric trident.
* * * LOW HITPOINT WARNING * * *
Natasha casts a spell at you.
You feel as though you will be slow longer.
Terence misses you.
A ball python comes into view.
Unknown command.
You aren't carrying any scrolls.
Terence misses you.
The ball python hisses angrily.
Natasha casts a spell.
The ball python bites you but does no damage.
The ball python grabs you. The ball python constricts you.
* * * LOW HITPOINT WARNING * * *
The ball python's grasp on you weakens, but your attempt to escape fails.
Natasha mumbles some strange words.
Terence barely misses you. The ball python closely misses you.
The ball python constricts you. Terence closely misses you.
The ball python barely misses you. The ball python constricts you.
You escape the ball python's grasp.
The ball python closely misses you. The ball python misses you.
The ball python attacks as you move away!
The ball python misses you. Terence barely misses you.
The ball python barely misses you. The ball python closely misses you.
Natasha attacks as you move away! Natasha claws you.
You die...

#.. #.###. ##### #.#..
#...# ####.#.#
########...######....#.####
................@S@.5......
########...######h...#.#...
#...# #....#.h... #####
......#..... ......#....
..##.#


You could see Terence, an iron imp (summoned), Natasha and a ball python.

Vanquished Creatures
  An adder (D:2)
  A ball python (D:2)
  3 endoplasms (D:1)
  A giant cockroach (D:1)
  4 kobolds (D:1)
  A bat (D:1)
  A goblin (D:1)
  4 rats (D:1)
16 creatures vanquished.

Notes
Turn   | Place    | Note
-------+----------+-------------------------------------------
     0 | D:1      | cforsyth the Kobold Brigand began the quest for the Orb.
     0 | D:1      | Reached XP level 1. HP: 12/12 MP: 1/1
   167 | D:1      | Found Cuabih's Antique Armour Shoppe.
   405 | D:1      | Reached XP level 2. HP: 18/18 MP: 2/2
  1068 | D:2      | Reached XP level 3. HP: 22/22 MP: 3/3
  1071 | D:2      | Noticed Terence
  1073 | D:2      | Noticed Natasha
  1084 | D:2      | Slain by Natasha

Illustrated notes

Levels and vault maps discovered:
D:1:      shiori_arrival_elements, layout_basic, serial_shops, shop
D:2:      layout_basic, kennysheep_jessica_study, uniq_jessica, uniq_natasha,
          uniq_terence, uniq_sigmund

Skill      XL: |  1  2 |
---------------+-------+-----
Short Blades   | 3 |  3.2
Dodging        | 2 |  2.0
Fighting       | |  2.6
Throwing       | |  2.1
Stealth        | |  5.7

Action                     || total
---------------------------++-------
  Melee: Dagger            ||    37
   Stab: Sleeping          ||    12
 Armour: Robe              ||     4
  Dodge: Dodged            ||    28

Table legend: (Time is in decaauts)
 A = Elapsed time spent in this place.
 B = Non-inter-level travel time spent in this place.
 C = Inter-level travel time spent in this place.
 D = Time resting spent in this place.
 E = Time spent auto-exploring this place.
 F = Levels seen in this place.
 G = Mean time per level.
                   A        B        C        D        E       F      G
               +--------+--------+--------+--------+--------+-----+--------+
         Total |   1081 |   1065 |     16 |      0 |    949 |   2 |  540.5 |
       Dungeon |   1081 |   1065 |     16 |      0 |    949 |   2 |  540.5 |
               +--------+--------+--------+--------+--------+-----+--------+

Top non-repeatable levels by time:
     D:1: 1019 daAuts
     D:2: 61 daAuts
